AoeStats
← PAN71226

Arabia

509775027Analyzed
1v1 RM · 3d ago on Sep 28, 2026· 48m 1s· 2 players
Game mode
Random Map
Map size
Tiny (2 player)
Population
200
Speed
Normal
Resources
Standard
Victory
Conquest
Starting age
Dark Age
Ending age
Imperial Age
RankedLock teamsTeams togetherTeam positionsShared explorationLock speedFull tech treeHidden civsTurbo modeCheats
Victory
Defeat
🇨🇱 Magyars · Chile
969
+15
🇨🇴 Persians · Colombia
939
-15
PAN71226
10:23 Feudal Age
9:24 Loom
12:52 Double-Bit Axe
19:43 Town Watch
22:28 Castle Age
22:31 Wheelbarrow
23:34 Elite Skirmisher
31:35 Thumb Ring
32:08 Bloodlines
31:59 Husbandry
32:34 Parthian Tactics
32:32 Fletching
34:05 Bodkin Arrow
37:42 Hand Cart
37:49 Bow Saw
41:25 Imperial Age
40:46 Ballistics
42:23 Forging
44:06 Chemistry
42:59 Heavy Camel Rider
sdenecken
8:02 Loom
11:12 Feudal Age
13:38 Double-Bit Axe
18:59 Castle Age
18:04 Scale Barding Armor
17:52 Fletching
20:13 Husbandry
21:17 Bow Saw
21:24 Bloodlines
22:01 Horse Collar
24:03 Bodkin Arrow
25:11 Wheelbarrow
24:39 Town Watch
27:01 Chain Barding Armor
28:07 Gold Mining
32:21 Imperial Age
29:59 Padded Archer Armor
30:47 Hand Cart
32:02 Gold Shaft Mining
32:45 Town Patrol
33:25 Leather Archer Armor
33:11 Bracer
34:50 Ballistics
34:25 Murder Holes
35:20 Masonry
39:22 Masonry
40:40 Chemistry
39:58 Heavy Cavalry Archer
41:04 Parthian Tactics
40:35 Light Cavalry
44:26 Plate Barding Armor
44:21 Ring Archer Armor
43:15 Hussar
Connection lost

Rejoining the realm…

Still unreachable

The connection could not be restored.

Session expired

The server has moved on; the page needs a fresh start.